Map: 2000 Atmospheres LE

Players

Zest

  • Race: Protoss Protoss

HeroMarine - Winner!

  • Race: Terran Terran

Event: IEM Katowice 2022

VOD

Have the link to the VOD?

Description

Time

  • Played on: Feb. 25, 2022, 6:34 a.m.
  • Length: 12:00

All games in this series

Show
View Real Time Build Order
Export as new Build Order

Zest Protoss 

Build Orders: 1 Gate Expand, Oracle Opening, Archon Immortal, Colossus Rush 

Get SALT Encoding   

  12  0:00  Probe  
  13  0:12  Probe  
  14  0:16  Pylon  
  14  0:24  Probe (Chrono Boost)  
  15  0:36  Gateway, Probe (Chrono Boost)  
  16  0:44  Probe (Chrono Boost)  
  16  0:45  Assimilator  
  17  0:51  Probe  
  18  1:03  Probe  
  19  1:23  Cybernetics Core  
  19  1:31  Nexus  
  19  1:34  Probe  
  20  1:42  Pylon  
  20  1:46  Probe  
  21  1:51  Assimilator  
  20  1:55  Warp Gate (Chrono Boost)  
  20  1:59  Adept (Chrono Boost)  
  22  2:04  Probe  
  23  2:16  Probe  
  23  2:21  Sentry (Chrono Boost)  
  26  2:28  Probe  
  27  2:35  Gateway  
  27  2:37  Gateway  
  27  2:40  Probe  
  27  2:42  Oracle  
  27  2:44  Probe  
  29  2:46  Sentry  
  31  2:52  Probe  
  31  2:56  Probe  
  33  3:05  Probe  
  34  3:08  Robotics Facility, Probe  
  35  3:17  Probe  
  35  3:18  Pylon  
  36  3:24  Oracle  
  37  3:30  Stalker x2  
  37  3:31  Stalker  
  42  3:35  Probe x2  
  42  3:39  Pylon  
  44  3:48  Probe x2 (Chrono Boost)  
  46  3:57  Warp Prism (Chrono Boost)  
  46  3:59  Probe x2 (Chrono Boost)  
  50  4:04  Probe x2 (Chrono Boost)  
  50  4:09  Robotics Bay  
  52  4:12  Pylon  
  52  4:14  Probe  
  52  4:15  Probe  
  54  4:20  Assimilator  
  54  4:23  Assimilator  
  54  4:26  Probe  
  54  4:28  Probe, Observer (Chrono Boost)  
  57  4:38  Probe  
  58  4:39  Pylon  
  58  4:40  Probe  
  58  4:41  Shield Battery  
  58  4:42  Stalker  
  61  4:50  Shield Battery  
  61  4:52  Pylon  
  61  4:53  Colossus (Chrono Boost)  
  67  5:02  Pylon  
  67  5:32  Stalker  
  67  5:33  Stalker x2  
  67  5:34  Colossus (Chrono Boost)  
  79  5:36  Twilight Council  
  79  5:37  Forge  
  79  5:40  Gravitic Drive  
  79  5:44  Pylon  
  79  5:56  Pylon  
  79  6:04  Protoss Ground Weapons Level 1  
  79  6:09  Stalker x3  
  83  6:12  Nexus  
  83  6:15  Charge  
  83  6:18  Probe x2  
  85  6:26  Pylon  
  85  6:32  Observer (Chrono Boost)  
  86  6:36  Pylon  
  86  6:37  Photon Cannon  
  86  6:41  Stalker x2  
  90  6:50  Immortal (Chrono Boost)  
  90  6:53  Observer  
  94  7:02  Probe  
  94  7:06  Gateway  
  94  7:07  Gateway  
  94  7:08  Templar Archives, Gateway  
  93  7:13  Gateway  
  93  7:17  Gateway  
  93  7:21  Immortal (Chrono Boost)  
  93  7:27  Observer  
  97  7:32  Probe x3  
  97  7:33  Zealot  
  102  7:39  Observer  
  102  7:46  Probe  
  102  7:47  Probe, Observer  
  104  7:55  Immortal  
  108  7:58  Pylon  
  108  8:02  High Templar x2, Zealot  
  108  8:03  Zealot x3  
  120  8:06  Archon  
  120  8:09  Zealot  
  122  8:18  Zealot  
  112  8:31  Zealot x3  
  97  8:36  Zealot  
  97  8:37  Zealot x3  
  97  8:39  Zealot  
  97  8:40  Immortal (Chrono Boost)  
  79  8:53  High Templar x3  
  77  8:57  High Templar  
  77  8:58  Zealot x3  
  77  8:59  Archon  
  85  9:03  Archon  
  85  9:10  Zealot  
  85  9:16  Warp Prism (Chrono Boost)  
  87  9:19  Zealot x3  
  69  9:26  Zealot x2  
  69  9:28  Zealot  
  65  9:34  High Templar x2  
  65  9:38  Archon  
  67  9:40  Zealot x2  
  70  9:45  Zealot  
  70  9:49  Zealot  
  70  9:50  Zealot  
  76  9:54  Zealot, Psionic Storm  
  78  10:20  High Templar x2  
  82  10:22  Assimilator  
  82  10:34  High Templar, Zealot  
  86  10:36  Pylon  
  86  10:53  Stalker x3  
  88  11:05  Stalker x2  
  88  11:10  Stalker  
  94  11:17  Stalker  
  96  11:27  Zealot x3  
  96  11:30  Pylon  
  96  11:32  Nexus  
  102  11:34  Pylon  
  102  11:42  Pylon  
  102  11:53  Archon  
Show
View Real Time Build Order
Export as new Build Order

HeroMarine Terran - Winner!

Build Orders:  

Get SALT Encoding   

  12  0:00  SCV  
  13  0:12  SCV  
  14  0:17  Supply Depot  
  14  0:24  SCV  
  15  0:38  SCV  
  15  0:40  Barracks  
  16  0:42  Refinery  
  16  0:50  SCV  
  17  1:02  SCV  
  18  1:06  Supply Depot  
  18  1:15  SCV  
  19  1:26  Marine  
  19  1:27  Orbital Command  
  20  1:52  Command Center  
  20  1:53  SCV  
  21  2:02  Factory  
  21  2:03  Barracks Reactor  
  21  2:07  SCV  
  22  2:17  Refinery  
  22  2:20  SCV  
  22  2:22  Barracks  
  23  2:32  SCV  
  24  2:44  SCV  
  25  2:46  Barracks Tech Lab  
  29  2:51  Hellion x2  
  29  2:56  SCV  
  30  3:04  Orbital Command  
  30  3:08  SCV  
  31  3:16  Marine x2  
  33  3:20  SCV, Stimpack  
  33  3:21  Marine  
  33  3:22  Orbital Command  
  33  3:26  Widow Mine  
  37  3:29  Supply Depot  
  37  3:32  SCV  
  37  3:34  Marine x2  
  38  3:39  Marine  
  41  3:44  SCV  
  41  3:48  SCV  
  41  3:51  Factory Reactor  
  41  3:52  Starport, Marine x2  
  43  3:56  SCV  
  43  3:57  Marine  
  43  4:00  SCV  
  43  4:01  Supply Depot  
  46  4:07  Bunker  
  46  4:08  SCV  
  47  4:12  SCV  
  47  4:13  Marine  
  47  4:14  Marine x2  
  51  4:21  SCV  
  52  4:24  SCV  
  52  4:25  Supply Depot  
  53  4:31  Marine x2  
  53  4:32  Marine  
  53  4:33  SCV  
  53  4:36  Medivac x2  
  53  4:37  Factory Tech Lab  
  62  4:42  Supply Depot  
  62  4:46  Barracks  
  62  4:47  Engineering Bay  
  62  4:49  Marine  
  62  4:50  Marine  
  62  4:51  Marine  
  64  4:57  Siege Tank  
  68  5:00  SCV  
  68  5:01  SCV  
  69  5:07  Marine  
  69  5:08  Marine  
  69  5:12  SCV  
  69  5:13  SCV  
  69  5:20  Marine  
  70  5:24  SCV  
  70  5:25  SCV, Marine  
  70  5:26  Marine  
  68  5:29  Siege Tank  
  68  5:35  Starport Reactor, Combat Shield  
  70  5:37  SCV x2  
  70  5:38  Marine  
  70  5:42  Refinery  
  74  5:43  Marine  
  74  5:44  Marine  
  74  5:49  SCV x2  
  74  5:55  Marine  
  75  6:01  SCV, Siege Tank  
  75  6:02  SCV  
  77  6:07  Barracks Tech Lab  
  77  6:08  Refinery  
  77  6:09  Supply Depot  
  77  6:10  Viking  
  77  6:14  SCV  
  77  6:15  Supply Depot, Barracks Tech Lab  
  78  6:20  Supply Depot  
  78  6:30  SCV x2, Viking  
  78  6:31  Marauder  
  84  6:38  Siege Tank  
  87  6:40  Viking  
  87  6:42  SCV x2, Marauder  
  87  6:44  Marine x2  
  95  6:53  Marauder  
  94  6:54  SCV x2  
  94  7:00  Viking  
  96  7:03  Marauder  
  96  7:04  Marine  
  96  7:06  Marine  
  101  7:11  Supply Depot  
  101  7:12  Viking  
  101  7:14  Supply Depot  
  102  7:24  Marine x2  
  102  7:25  Marauder x2  
  108  7:30  Viking  
  108  7:33  Siege Tank  
  113  7:42  Viking, Marine x2  
  117  7:46  Marauder x2  
  117  7:49  Supply Depot  
  117  7:50  Supply Depot  
  121  8:00  Marine x2  
  121  8:01  Viking  
  125  8:09  Supply Depot  
  125  8:11  Marauder x2  
  125  8:12  Concussive Shells  
  129  8:14  Siege Tank  
  132  8:25  Marine x2  
  130  8:32  SCV x2, Marauder x2  
  109  8:43  Marine x2  
  109  8:44  SCV x2  
  109  8:45  Medivac x2  
  114  8:54  Marauder x2  
  114  9:01  Marine x2  
  114  9:14  Siege Tank  
  114  9:15  Marauder x2, Medivac  
  114  9:16  SCV x2  
  124  9:18  Marine  
  124  9:19  Marine  
  101  9:28  SCV x2  
  101  9:30  Liberator  
  101  9:36  Marine, Marauder  
  101  9:37  Marauder  
  108  9:46  Marine, Siege Tank  
  110  9:54  Marine  
  110  9:55  Barracks, Liberator  
  110  9:58  Marauder  
  110  9:59  Barracks  
  118  10:00  Marauder  
  118  10:10  Marine  
  118  10:12  Marine  
  118  10:13  Liberator  
  121  10:21  Marauder x2  
  121  10:27  Marine  
  126  10:30  Marine, Siege Tank  
  126  10:34  SCV x2  
  131  10:38  Liberator  
  130  10:43  Marauder x2  
  130  10:46  Marine x2  
  130  10:48  Orbital Command  
  135  10:54  Marine  
  135  10:56  Viking  
  139  11:04  Marauder x2  
  139  11:08  Marine x2  
  140  11:12  Marine x2  
  140  11:17  Siege Tank  
  145  11:21  Viking  
  145  11:25  Marine  
  145  11:29  Refinery x2, Marine  
  145  11:30  Ghost Academy, Marine  
  145  11:32  Barracks Reactor  
  147  11:35  Marauder  
  147  11:37  Barracks Tech Lab  

Tags
 
Add a new tag
Caveats
  • Supply blocks, unpowered buildings, or Contaminate may cause inaccurate times.
  • Supply counts are checked every 10 seconds.